 Dungeon Crawl Stone Soup version 0.22-a0-877-g5c4e1afb51 (console) character file.

7 Lexodia the Skirmisher (level 2, 0/32 HPs)
             Began as an Ogre Berserker on July 29, 2018.
             Was a Follower of Trog.
             Slain by a gnoll
             ... wielding a +0 whip
              (2 damage)
             ... on level 1 of the Dungeon.
             The game lasted 00:00:41 (630 turns).

Lexodia the Skirmisher (Ogre Berserker)              Turns: 630, Time: 00:00:41

Health: 0/32       AC:  3    Str: 20    XL:     2   Next: 4%
Magic:  2/2        EV: 10    Int:  8    God:    Trog [*.....]
Gold:   61         SH:  0    Dex:  8    Spells: 1/1 levels left

rFire    . . .     SeeInvis .   a - +0 mace
rCold    . . .     Gourm    .   (no shield)
rNeg     . . .     Faith    .   b - +0 animal skin
rPois    .         Spirit   .   (helmet restricted)
rElec    .         Reflect  .   (no cloak)
rCorr    .         Harm     .   (gloves unavailable)
MR       .....                  (boots unavailable)
Stlth    +.........             (no amulet)
HPRegen  0.10/turn              (no ring)
MPRegen  0.08/turn              (no ring)

@: no status effects
A: large, unfitting armour, tough skin 1
a: Berserk, Renounce Religion


You were on level 1 of the Dungeon.
You worshipped Trog.
Trog was aware of your devotion.
You were not hungry.

You visited 1 branch of the dungeon, and saw 1 of its levels.

You collected 61 gold pieces.

Inventory:

Hand Weapons
 a - a +0 mace (weapon)
Armour
 b - a +0 animal skin (worn)
Scrolls
 d - a scroll of identify {unknown}
 h - 2 scrolls of magic mapping {unknown}
 i - 3 scrolls of enchant weapon {unknown}
Potions
 e - a potion of magic {unknown}
 g - 2 potions of mutation {unknown}
Comestibles
 c - 3 rations
 f - a chunk of flesh


   Skills:
 - Level 4.0 Fighting
 + Level 3.2 Maces & Flails
 - Level 2.6 Dodging


You had one spell level left.
You didn't know any spells.
Your spell library was empty.

Dungeon Overview and Level Annotations

Branches:
Dungeon (1/15)

Altars:


Innate Abilities, Weirdness & Mutations

You are too large for most types of armour.
You have tough skin. (AC +1)


Message History

The gnoll is lightly wounded.
The gnoll hits you with a whip!
* * * LOW HITPOINT WARNING * * *
The gnoll barely misses you.
Huge Dmg: -25%(-8hp) hp: 16%(5hp)
You hit the gnoll.
The gnoll is heavily wounded.
The gnoll closely misses you.
You hit the gnoll but do no damage.
The gnoll is heavily wounded.
The gnoll barely misses you.
You hit the gnoll but do no damage.
The gnoll is heavily wounded.
The gnoll hits you with a whip.
* * * LOW HITPOINT WARNING * * *
Huge Dmg: -9%(-3hp) hp: 7%(2hp)
You hit the gnoll but do no damage.
The gnoll is heavily wounded.
The gnoll hits you with a whip.
You die...

#...# #.# #...........
#...#####.#
#...........
#.........#
#...........
##############........
#...[......###
#.########## #.#
.#.#####.# ......g@.#
.#.#######


You could see a gnoll.

Vanquished Creatures
  2 bats (D:1)
  A hobgoblin (D:1)
  A kobold (D:1)
  4 rats (D:1)
8 creatures vanquished.

Notes
Turn   | Place    | Note
-------+----------+-------------------------------------------
     0 | D:1      | Lexodia the Ogre Berserker began the quest for the Orb.
     0 | D:1      | Reached XP level 1. HP: 24/24 MP: 1/1
     0 | D:1      | Noticed a minotaur skeleton
     3 | D:1      | Noticed a naga
     5 | D:1      | Noticed a felid
     7 | D:1      | Noticed a human
    12 | D:1      | Noticed a centaur
    14 | D:1      | Noticed a gargoyle
    18 | D:1      | Noticed a draconian
    20 | D:1      | Noticed a gargoyle
   408 | D:1      | Huge Dmg: 8 dmg
   408 | D:1      | Reached XP level 2. HP: 22/32 MP: 2/2
   624 | D:1      | Huge Dmg: 9 dmg
   627 | D:1      | Huge Dmg: 8 dmg
   630 | D:1      | Huge Dmg: 3 dmg
   630 | D:1      | Slain by a gnoll

Vault maps used:
D:1:      shiori_arrival_whats_in_store_for_you

Skill      XL: |  1 |
---------------+----+-----
Maces & Flails | 3 |  3.2
Fighting       | |  4.0
Dodging        | |  2.6

Action                   || total
-------------------------++-------
Melee: Mace              ||    26
Armor: Animal skin       ||     4
Dodge: Dodged            ||    14

Table legend:
 A = Spawn XP
 B = Non-spawn XP
 C = Spawn XP percentage of total XP
 D = Spawn monster count
 E = Non-spawn monster count
 F = Spawn count percentage of total count
 G = Total turns spent on level
                    A         B        C        D         E        F      G
               +---------+---------+-------+---------+---------+-------+---------
         Total |       0 |      11 |   0.0 |       0 |       8 |   0.0 |   630
               +---------+---------+-------+---------+---------+-------+---------
           D:1 |       0 |      11 |   0.0 |       0 |       8 |   0.0 |   630
               +---------+---------+-------+---------+---------+-------+---------
